Map: 国王藏宝地-天梯版

Players

CONG - Winner!

  • Race: Terran Terran
  • Spawn Location: 5:00

Bubasaurus

  • Race: Protoss Protoss
  • League: Silver
  • Spawn Location: 11:00

VOD

Have the link to the VOD?

Description

Time

  • Played on: March 24, 2019, 2:14 a.m.
  • Length: 7:11
Show
View Real Time Build Order
Export as new Build Order

CONG Terran - Winner!

Build Orders:  

Get SALT Encoding   

  12  0:06  SCV  
  13  0:22  Supply Depot  
  13  0:23  SCV  
  14  0:35  SCV  
  15  0:39  Refinery  
  15  0:45  Barracks  
  15  0:50  SCV  
  16  1:03  SCV  
  17  1:15  SCV  
  18  1:33  SCV  
  18  1:36  Reaper  
  18  1:39  Supply Depot  
  20  1:47  Orbital Command  
  20  2:08  Reaper  
  21  2:12  Refinery  
  21  2:21  SCV  
  22  2:23  Barracks  
  22  2:32  Factory  
  22  2:44  SCV  
  23  2:55  Barracks Reactor  
  23  2:56  SCV  
  23  3:08  SCV  
  24  3:12  Supply Depot  
  24  3:18  Marine  
  24  3:19  Factory Tech Lab  
  25  3:20  SCV  
  26  3:32  SCV  
  27  3:36  Marine  
  28  3:45  Siege Tank, SCV  
  28  3:47  Marine x2  
  34  3:54  Marine, Supply Depot  
  35  4:04  Marine  
  35  4:05  Marine  
  35  4:06  Starport  
  37  4:15  Barracks Tech Lab  
  37  4:19  Siege Tank  
  37  4:22  Marine x2  
  42  4:36  Marine  
  43  4:39  Stimpack  
  43  4:45  Medivac  
  45  4:50  Supply Depot  
  44  4:54  Marine  
  44  5:03  Marine  
  44  5:04  Marine  
  46  5:11  Supply Depot  
  46  5:12  Marine, Siege Tank  
  50  5:25  Marine x2  
  52  5:29  Marine  
  53  5:43  Marine  
  53  5:44  Siege Tank  
  57  5:59  Marine x2  
  57  6:01  Marine  
  57  6:02  Medivac  
  62  6:16  Siege Tank  
  62  6:17  Marine x2  
  65  6:19  Marine  
  65  6:34  Marine  
  65  6:35  Marine  
  65  6:36  Marine  
  68  6:52  Marine x2  
Show
View Real Time Build Order
Export as new Build Order

Bubasaurus Protoss 

Build Orders:  

Get SALT Encoding   

  12  0:02  Probe  
  13  0:15  Pylon  
  13  0:22  Probe  
  14  0:30  Probe  
  15  0:36  Forge  
  15  0:39  Probe  
  16  0:51  Probe  
  17  1:00  Gateway  
  17  1:08  Pylon  
  17  1:16  Pylon  
  16  1:37  Assimilator  
  16  1:42  Assimilator  
  16  1:46  Zealot  
  16  1:53  Cybernetics Core  
  18  2:05  Photon Cannon  
  18  2:11  Zealot  
  18  2:15  Pylon  
  20  2:20  Probe  
  20  2:28  Probe  
  22  2:38  Probe  
  23  2:50  Probe, Photon Cannon  
  23  3:02  Probe  
  24  3:08  Stalker, Warp Gate  
  26  3:14  Probe  
  26  3:17  Pylon  
  27  3:26  Probe  
  26  3:38  Probe  
  26  3:58  Probe  
  27  4:06  Probe  
  27  4:11  Photon Cannon  
  27  4:16  Probe  
  28  4:19  Gateway  
  28  4:20  Gateway  
  29  4:28  Probe  
  30  4:31  Stargate  
  30  4:40  Probe  
  30  4:44  Stalker  
  33  5:03  Probe  
  34  5:15  Probe  
  34  5:16  Void Ray  
  39  5:33  Pylon  
  39  5:36  Pylon  
  39  5:51  Probe  
  39  5:54  Zealot x3  
  46  6:03  Probe  
  45  6:15  Probe  
  45  6:16  Void Ray, Zealot  
  45  6:17  Zealot x2  
  34  6:39  Zealot  
  36  6:40  Zealot  
  23  7:00  Zealot  
  23  7:01  Zealot  
Tags
 
Add a new tag
Caveats
  • Supply blocks, unpowered buildings, or Contaminate may cause inaccurate times.
  • Supply counts are checked every 10 seconds.